3A
GALESBURG GUZZLERS @ HIGHWOOD HAWKS
09/05/2027
 
TOP OF THE 1ST
Galesburg Guzzlers batting - Pitching for Highwood Hawks : LHP Yoshi Minamoto
Pitching: LHP Yoshi Minamoto
Batting: RHB Eun-bum Kim 0-0: Called Strike
0-1: Fly out, F9 (Flyball, 9LMF)
Batting: LHB Paolo van Ginderen 0-0: Reached on error, E3 (Groundball, 34)
Batting: LHB Armando Rodríguez 0-0: Ball
1-0: Ball
Paolo van Ginderen is caught stealing 3rd base
2-0: Fly out, F9 (Line Drive, 9)
Top of the 1st over - 0 run(s), 0 hit(s), 1 error(s), 0 left on base; Galesburg 0 - Highwood 0
BOTTOM OF THE 1ST
Highwood Hawks batting - Pitching for Galesburg Guzzlers : RHP Nassim El-Badwi
Pitching: RHP Nassim El-Badwi
Batting: RHB Luis Díaz 0-0: Ball
1-0: Called Strike
1-1: Swinging Strike
1-2: Fly out, F9 (Flyball, 9)
Batting: RHB Tevin McTevin 0-0: Ball
1-0: Bunt missed!
1-1: Called Strike
1-2: Foul Ball, location: 2F
1-2: Strikes out swinging
Batting: RHB Owen Cannon 0-0: Ball
1-0: Foul Ball, location: 2F
1-1: Ball
2-1: Fly out, F3 (Popup, 3)
Bottom of the 1st over - 0 run(s), 0 hit(s), 0 error(s), 0 left on base; Galesburg 0 - Highwood 0
TOP OF THE 2ND
Galesburg Guzzlers batting - Pitching for Highwood Hawks : LHP Yoshi Minamoto
Batting: RHB Jack Cantrell 0-0: Ball
1-0: Fly out, F9 (Flyball, 9)
Batting: RHB Mike Mays 0-0: Swinging Strike
0-1: Foul Ball, location: 2F
0-2: Fly out, F8 (Flyball, 78M)
Batting: RHB José Díaz 0-0: Ball
1-0: Ball
2-0: Ball
3-0: Called Strike
3-1: Foul Ball, location: 2F
3-2: Foul Ball, location: 2F
3-2: Base on Balls
Batting: RHB José Vargas 0-0: Called Strike
0-1: Ball
1-1: Ball
2-1: Swinging Strike
2-2: Foul Ball, location: 2F
2-2: Strikes out swinging
Top of the 2nd over - 0 run(s), 0 hit(s), 0 error(s), 1 left on base; Galesburg 0 - Highwood 0
BOTTOM OF THE 2ND
Highwood Hawks batting - Pitching for Galesburg Guzzlers : RHP Nassim El-Badwi
Batting: RHB Lane McCool 0-0: Swinging Strike
0-1: Reached on error, E5 (Groundball, 56S)
Batting: RHB Tabor de Maria 0-0: Ball
1-0: Ground out 2-3 (Groundball, 15S)
Lane McCool to second
Batting: SHB Iikka Karpinen 0-0: Ball
1-0: Fly out, F8 (Line Drive, 89M)
Batting: RHB Félix Vaca 0-0: Called Strike
0-1: Called Strike
0-2: Strikes out swinging
Bottom of the 2nd over - 0 run(s), 0 hit(s), 1 error(s), 1 left on base; Galesburg 0 - Highwood 0
TOP OF THE 3RD
Galesburg Guzzlers batting - Pitching for Highwood Hawks : LHP Yoshi Minamoto
Batting: RHB Sébastien Bernard 0-0: Foul Ball, location: 2F
0-1: Ball
1-1: Ground out 5-3 (Groundball, 5S)
Batting: LHB Marshall Willis 0-0: Ball
1-0: Ball
2-0: Foul Ball, location: 2F
2-1: DOUBLE (Flyball, 78XD)
Batting: RHB Eun-bum Kim 0-0: Called Strike
0-1: Fly out, F8 (Line Drive, 8RM)
Batting: LHB Paolo van Ginderen 0-0: Ball
1-0: Ball
2-0: Called Strike
2-1: Called Strike
2-2: Fly out, F7 (Flyball, 78D)
Top of the 3rd over - 0 run(s), 1 hit(s), 0 error(s), 1 left on base; Galesburg 0 - Highwood 0
BOTTOM OF THE 3RD
Highwood Hawks batting - Pitching for Galesburg Guzzlers : RHP Nassim El-Badwi
Batting: LHB Jaime Aguilar 0-0: Called Strike
0-1: Ball
1-1: Ball
2-1: Ball
3-1: Base on Balls
Batting: LHB Carlos Medellín 0-0: Ball
1-0: Ball
2-0: Called Strike
2-1: Foul Ball, location: 2F
2-2: Ball
3-2: Foul Ball, location: 2F
3-2: Foul Ball, location: 2F
3-2: Base on Balls
Jaime Aguilar to second
Batting: RHB Luis Díaz 0-0: Fielders Choice at 2nd, 5-4 (Groundball, 56)
Jaime Aguilar to third
Batting: RHB Tevin McTevin 0-0: Foul Ball, location: 2F
0-1: Called Strike
0-2: Foul Ball, location: 2F
0-2: SINGLE (Line Drive, 9LM)
Jaime Aguilar scores
Luis Díaz to second
Batting: RHB Owen Cannon 0-0: Ball
1-0: Ball
2-0: Fly out, F5 (Popup, 5)
Batting: RHB Lane McCool 0-0: Foul Ball, location: 2F
0-1: Ball
1-1: Foul Ball, location: 2F
1-2: Ground out 4-3 (Groundball, 4S)
Bottom of the 3rd over - 1 run(s), 1 hit(s), 0 error(s), 2 left on base; Galesburg 0 - Highwood 1
TOP OF THE 4TH
Galesburg Guzzlers batting - Pitching for Highwood Hawks : LHP Yoshi Minamoto
Batting: LHB Armando Rodríguez 0-0: Called Strike
0-1: Ball
1-1: SINGLE (Flyball, 8RS)
Batting: RHB Jack Cantrell 0-0: Ball
1-0: Ball
2-0: Ball
3-0: Base on Balls
Armando Rodríguez to second
Batting: RHB Mike Mays 0-0: Ball
Passed Ball!
Armando Rodríguez to third
Jack Cantrell to second
1-0: Ball
2-0: Ball
3-0: Called Strike
3-1: Base on Balls
Batting: RHB José Díaz 0-0: Called Strike
0-1: Called Strike
0-2: Ball
1-2: Strikes out looking
Batting: RHB José Vargas 0-0: Ball
1-0: Ball
2-0: Ball
3-0: Base on Balls
Armando Rodríguez scores
Jack Cantrell to third
Mike Mays to second
Batting: RHB Sébastien Bernard 0-0: Called Strike
0-1: Ball
1-1: Fly out, F5 (Popup, 5S)
Batting: LHB Marshall Willis 0-0: Foul Ball, location: 2F
0-1: Ball
1-1: Foul Ball, location: 2F
1-2: Ball
2-2: Strikes out swinging
Top of the 4th over - 1 run(s), 1 hit(s), 0 error(s), 3 left on base; Galesburg 1 - Highwood 1
BOTTOM OF THE 4TH
Highwood Hawks batting - Pitching for Galesburg Guzzlers : RHP Nassim El-Badwi
Batting: RHB Tabor de Maria 0-0: Ground out 5-3 (Groundball, 56S)
Batting: SHB Iikka Karpinen 0-0: Ground out 4-3 (Groundball, 4S)
Batting: RHB Félix Vaca 0-0: Fly out, F9 (Flyball, 9S)
Bottom of the 4th over - 0 run(s), 0 hit(s), 0 error(s), 0 left on base; Galesburg 1 - Highwood 1
TOP OF THE 5TH
Galesburg Guzzlers batting - Pitching for Highwood Hawks : LHP Yoshi Minamoto
Batting: RHB Eun-bum Kim 0-0: Ball
1-0: Ball
2-0: Ground out 3-1 (Groundball, 23)
Batting: LHB Paolo van Ginderen 0-0: Foul Ball, location: 2F
0-1: SINGLE (Groundball, 6D)
Batting: LHB Armando Rodríguez 0-0: Swinging Strike
0-1: Foul Ball, location: 2F
0-2: Strikes out swinging
Batting: RHB Jack Cantrell 0-0: Fielders Choice at 2nd, 4-6 (Groundball, 4D)
Top of the 5th over - 0 run(s), 1 hit(s), 0 error(s), 0 left on base; Galesburg 1 - Highwood 1
BOTTOM OF THE 5TH
Highwood Hawks batting - Pitching for Galesburg Guzzlers : RHP Nassim El-Badwi
Batting: LHB Jaime Aguilar 0-0: Ground out 4-3 (Groundball, 4)
Batting: LHB Carlos Medellín 0-0: Ball
1-0: Ball
2-0: SINGLE (Groundball, 4MD)
Batting: RHB Luis Díaz 0-0: Ball
Carlos Medellín is caught stealing 2nd base
1-0: Called Strike
1-1: Called Strike
1-2: Ball
2-2: SINGLE (Groundball, 4MD)
Batting: RHB Tevin McTevin 0-0: Ball
1-0: Ball
2-0: Swinging Strike
2-1: Called Strike
2-2: Foul Ball, location: 2F
2-2: Ball
Luis Díaz steals 2nd base
3-2: Strikes out swinging, 2-3 out at first.
Bottom of the 5th over - 0 run(s), 2 hit(s), 0 error(s), 1 left on base; Galesburg 1 - Highwood 1
TOP OF THE 6TH
Galesburg Guzzlers batting - Pitching for Highwood Hawks : LHP Yoshi Minamoto
Batting: RHB Mike Mays 0-0: Ground out 5-3 (Groundball, 56)
Batting: RHB José Díaz 0-0: Ball
1-0: Fly out, F8 (Flyball, 78M)
Batting: RHB José Vargas 0-0: Fly out, F9 (Flyball, 9LS)
Top of the 6th over - 0 run(s), 0 hit(s), 0 error(s), 0 left on base; Galesburg 1 - Highwood 1
BOTTOM OF THE 6TH
Highwood Hawks batting - Pitching for Galesburg Guzzlers : RHP Nassim El-Badwi
Batting: RHB Owen Cannon 0-0: Ball
1-0: Fly out, F2 (Popup, 15S)
Batting: RHB Lane McCool 0-0: Called Strike
0-1: Ground out 3-1 (Groundball, 34S)
Batting: RHB Tabor de Maria 0-0: Ball
1-0: Swinging Strike
1-1: Foul Ball, location: 2F
1-2: Foul Ball, location: 2F
1-2: Foul Ball, location: 2F
1-2: Strikes out swinging
Bottom of the 6th over - 0 run(s), 0 hit(s), 0 error(s), 0 left on base; Galesburg 1 - Highwood 1
TOP OF THE 7TH
Galesburg Guzzlers batting - Pitching for Highwood Hawks : LHP Yoshi Minamoto
Pinch Hitting: RHB Jorge Velázquez 0-0: Called Strike
0-1: Swinging Strike
0-2: Strikes out swinging
Pinch Hitting: RHB Barrett Drury 0-0: Swinging Strike
0-1: Ball
1-1: Called Strike
1-2: Ball
2-2: Strikes out looking
Batting: RHB Eun-bum Kim 0-0: Foul Ball, location: 2F
0-1: Foul Ball, location: 2F
0-2: Foul Ball, location: 2F
0-2: Ball
1-2: Foul Ball, location: 2F
1-2: Ball
2-2: Foul Ball, location: 2F
2-2: Fly out, F9 (Flyball, 9)
Top of the 7th over - 0 run(s), 0 hit(s), 0 error(s), 0 left on base; Galesburg 1 - Highwood 1
BOTTOM OF THE 7TH
Highwood Hawks batting - Pitching for Galesburg Guzzlers : RHP Nassim El-Badwi
Now at 2B: Jorge Velázquez
Pinch Hitting: RHB Stephen McManus 0-0: Ground out U3 (Groundball, 34)
Now in RF: Robby Amesquita
Pinch Hitting: RHB Harry Freidricks 0-0: Foul Ball, location: 2F
0-1: Ball
1-1: Foul Ball, location: 2F
1-2: SINGLE (Groundball, 56D)
Batting: LHB Jaime Aguilar 0-0: Called Strike
0-1: Ball
1-1: Foul Ball, location: 2F
1-2: Ball
2-2: Strikes out swinging
Harry Freidricks steals 2nd base
Batter strikes out.
Batting: LHB Carlos Medellín 0-0: Ground out 4-3 (Groundball, 4S)
Bottom of the 7th over - 0 run(s), 1 hit(s), 0 error(s), 1 left on base; Galesburg 1 - Highwood 1
TOP OF THE 8TH
Galesburg Guzzlers batting - Pitching for Highwood Hawks : LHP Yoshi Minamoto
Now at 2B: Stephen McManus
Now in LF: Harry Freidricks
Pinch Hitting: RHB José Alfaro 0-0: Foul Ball, location: 2F
0-1: Swinging Strike
0-2: Foul Ball, location: 2F
0-2: Ground out 4-3 (Groundball, 4)
Pinch Hitting: RHB Fletcher Megarity 0-0: Ball
1-0: Ball
2-0: Called Strike
2-1: Fly out, F6 (Popup, 6D)
Batting: RHB Jack Cantrell 0-0: Ball
1-0: Ball
2-0: Called Strike
2-1: Swinging Strike
2-2: Foul Ball, location: 2F
2-2: Foul Ball, location: 2F
2-2: Hit by Pitch
Pitching: RHP Érico Laborde
Batting: RHB Mike Mays 0-0: Ball
1-0: Fly out, F8 (Flyball, 8LD)
Top of the 8th over - 0 run(s), 0 hit(s), 0 error(s), 1 left on base; Galesburg 1 - Highwood 1
BOTTOM OF THE 8TH
Highwood Hawks batting - Pitching for Galesburg Guzzlers : RHP Nassim El-Badwi
Now at 2B: Fletcher Megarity
Now in LF: José Alfaro
Pinch Hitting: RHB Gerardo Espinoza 0-0: Ball
1-0: Foul Ball, location: 2F
1-1: Called Strike
1-2: DOUBLE (Line Drive, 89M)
Pinch Hitting: RHB Andrew Crosby 0-0: Called Strike
0-1: Ground out 5-3 (Groundball, 5)
Batting: RHB Owen Cannon 0-0: Ball
Throwing error on steal attempt, E2
Gerardo Espinoza scores
1-0: Called Strike
1-1: Swinging Strike
1-2: Ball
2-2: Ball
3-2: Foul Ball, location: 2F
3-2: Foul Ball, location: 2F
3-2: Strikes out swinging
Batting: RHB Lane McCool 0-0: Called Strike
0-1: Swinging Strike
0-2: Ball
1-2: Ground out 6-3 (Groundball, 6M)
Bottom of the 8th over - 1 run(s), 1 hit(s), 1 error(s), 0 left on base; Galesburg 1 - Highwood 2
TOP OF THE 9TH
Galesburg Guzzlers batting - Pitching for Highwood Hawks : RHP Érico Laborde
Pitching: LHP Aurelio Ornelas
Now at 1B: Ricardo Rivera
Now at SS: Gerald O'Collins
Now in LF: Gerardo Espinoza
Batting: RHB José Díaz 0-0: Called Strike
0-1: Called Strike
0-2: Foul Ball, location: 2F
0-2: Ball
1-2: Foul Ball, location: 2F
1-2: Ground out 5-3 (Groundball, 56S)
Pinch Hitting: RHB Jaime Robles 0-0: Ball
1-0: Ball
2-0: Foul Ball, location: 2F
2-1: SINGLE (Groundball, 6MD)
Batting: RHB Jorge Velázquez 0-0: Ball
1-0: Ball
2-0: Foul Ball, location: 2F
2-1: Foul Ball, location: 2F
2-2: Strikes out looking
Batting: RHB Robby Amesquita 0-0: Foul Ball, location: 2F
0-1: Fielders Choice at 2nd, 5-4 (Groundball, 5L)
Top of the 9th over - 0 run(s), 1 hit(s), 0 error(s), 0 left on base; Galesburg 1 - Highwood 2
Saturday, May 26th, 2018 - OOTP Baseball 17.12 Build 75